 Dungeon Crawl Stone Soup version 0.28.0-1-gb440e238dd (webtiles) character file.

Game seed: 16568230200871399463

253 vilexy the Conjurer (level 6, 0/32 HPs)
             Began as a Gargoyle Conjurer on Feb 20, 2022.
             Slain by an ogre (32 damage)
             ... on level 4 of the Dungeon.
             The game lasted 00:07:43 (4026 turns).

vilexy the Conjurer (Gargoyle Conjurer)             Turns: 4026, Time: 00:07:43

Health: 0/32       AC:  7    Str: 17    XL:     6   Next: 14%
Magic:  9/12       EV: 12    Int: 20    God:
Gold:   167        SH:  0    Dex:  8    Spells: 10/13 levels left

rFire   . . .      SeeInvis .   b - +0 whip
rCold   . . .      Faith    .   (no shield)
rNeg    + . .      Spirit   .   a - +0 robe
rPois   ∞          Reflect  .   c - +1 hat
rElec   +          Harm     .   (no cloak)
rCorr   .          Rampage  .   (no gloves)
Will    .....                   (no boots)
Stlth   ++........              (no amulet)
HPRegen 0.10/turn               q - +6 ring of strength
MPRegen 0.13/turn               (no ring)

@: no status effects
A: sickness immunity, AC +4, negative energy resistance 1, electricity
resistance, torment resistance 1, petrification resistance
a: no special abilities


You were on level 4 of the Dungeon.
You visited 1 branch of the dungeon, and saw 4 of its levels.

You collected 167 gold pieces.

Inventory:

Hand Weapons
 b - a +0 whip (weapon)
Missiles
 d - 9 boomerangs
 o - 154 stones
Armour
 a - a +0 robe (worn)
 c - a +1 hat (worn)
Jewellery
 q - a +6 ring of strength (left hand)
Scrolls
 h - a scroll of fog {unknown}
 i - 2 scrolls of teleportation {unknown}
 j - a scroll of noise {unknown}
 k - a scroll of fear {unknown}
 l - a scroll of vulnerability {unknown}
 m - a scroll of enchant weapon {unknown}
 n - 2 scrolls of identify {unknown}
Potions
 e - a potion of resistance {unknown}
 f - 2 potions of curing {unknown}
 g - a potion of haste {unknown}
 p - 2 potions of lignification {unknown}


   Skills:
 - Level 2.1 Dodging
 - Level 3.0 Stealth
 * Level 4.4 Spellcasting
 + Level 5.6 Conjurations


You had 10 spell levels left.
You knew the following spells:

 Your Spells              Type           Power      Damage    Failure   Level
a - Magic Dart            Conj           100%       1d8       1%          1
b - Searing Ray           Conj           54%        2d6       1%          2

Your spell library contained the following spells:

 Spells                   Type           Power      Damage    Failure   Level
 Dazzling Flash           Conj/Hex       30%        N/A       12%         3
 Fulminant Prism          Conj/Hex       7%         3d7       36%         4
 Iskenderun's Mystic Bla  Conj/Tloc      15%        2d5       36%         4


Dungeon Overview and Level Annotations

Branches:
Dungeon (4/15)
 Temple: D:4-7

Altars:
Vehumet
Wu Jian


Innate Abilities, Weirdness & Mutations

You are immune to sickness and miasma.
Your stone body is resilient. (AC +4)
You are immune to poison.
You resist negative energy. (rN+)
You are resistant to electric shocks. (rElec)
You are resistant to unholy torment.
You are immune to petrification.


Message History

The searing ray hits the orc!
You kill the orc! (Press . to maintain the ray.)
A kobold comes into view. It is wielding a +0 whip.
Casting: Searing Ray (safe; 1% risk of failure)
Confirm with . or Enter, or press ? or * to list all spells.
Aiming: Magic Dart (safe; 1% risk of failure)
Press: ? - help, Shift-Dir - straight line, f - kobold
Aim: a kobold, wielding a +0 whip, wearing a +0 robe, wearing a +0 buckler and quivering stones (wandering, hasn't noticed you, 100% to hit)
The magic dart hits the kobold.
The kobold is severely wounded.
Casting: Magic Dart (safe; 1% risk of failure)
Confirm with . or Enter, or press ? or * to list all spells.
Aiming: Magic Dart (safe; 1% risk of failure)
Press: ? - help, Shift-Dir - straight line, f/p - kobold
Aim: a kobold, wielding a +0 whip, wearing a +0 robe, wearing a +0 buckler and quivering stones (severely wounded, 100% to hit)
The magic dart hits the kobold.
You kill the kobold!
Things that are here:
a +0 morningstar; a +0 leather armour; an orc corpse
o - 154 stones (gained 20)
You now have 152 gold pieces (gained 3).
Items here: ) [[ †.
d - 9 boomerangs (gained 6)
You now have 167 gold pieces (gained 15).
There is an open door here.
Found two faded altars of an unknown god.
Casting: Magic Dart (safe; 1% risk of failure)
Confirm with . or Enter, or press ? or * to list all spells.
Aiming: Searing Ray (safe; 1% risk of failure)
Press: ? - help, Shift-Dir - straight line, f - ogre
Aim: an ogre, wielding a +0 giant spiked club (wandering, hasn't noticed you, 90% to hit)
The searing ray hits the ogre!
The ogre is moderately wounded. (Press . to maintain the ray.)
The searing ray hits the ogre!
The ogre is severely wounded.
The ogre hits you with a +0 giant spiked club!!
Ouch! That really hurt!
You die...

.......#.....##.# #
.......#.....##.###
.................##
..................#
...........##......
####..#'##.........
#####.#####......
##.........##.....
#@.#######..###...
#_.O## ._#... ###..
#... ##.. ##.. ###
### ##... ###.#
#.... #.#.###.###
#...##..#
##.....####


You could see an ogre.

Vanquished Creatures
  A scorpion (D:4)
  A jelly (D:4)
  Ijyb (D:4)
  2 orc wizards (D:4)
  A hound skeleton (D:4)
  An adder (D:2)
  A worm (D:4)
  A dart slug (D:1)
  3 orcs (D:4)
  7 endoplasms
  3 giant cockroaches
  5 goblins
  3 hobgoblins
  12 kobolds
  3 quokkas
  2 ball pythons
  6 bats
  6 frilled lizards
  2 rats (D:1)
61 creatures vanquished.

Notes
Turn   | Place    | Note
-------+----------+-------------------------------------------
     0 | D:1      | vilexy the Gargoyle Conjurer began the quest for the Orb.
     0 | D:1      | Reached XP level 1. HP: 10/10 MP: 3/3
   264 | D:1      | Reached XP level 2. HP: 14/15 MP: 0/5
   325 | D:1      | Learned a level 2 spell: Searing Ray
   749 | D:1      | Reached XP level 3. HP: 14/19 MP: 1/6
  1681 | D:2      | Found a radiant altar of Vehumet.
  3006 | D:3      | Reached XP level 4. HP: 24/24 MP: 6/8
  3327 | D:4      | Noticed an ogre
  3344 | D:4      | Reached skill level 5 in Conjurations
  3460 | D:4      | Found an ornate altar of the Wu Jian Council.
  3553 | D:4      | Noticed a scorpion
  3557 | D:4      | Killed a scorpion
  3558 | D:4      | Reached XP level 5. HP: 28/28 MP: 4/10
  3665 | D:4      | Reached XP level 6. HP: 27/32 MP: 0/12
  3665 | D:4      | Noticed Ijyb
  3762 | D:4      | Killed Ijyb
  4017 | D:4      | Found a faded altar of an unknown god.
  4017 | D:4      | Found a faded altar of an unknown god.
  4026 | D:4      | Slain by an ogre

Illustrated notes

Levels and vault maps discovered:
D:1:      tarquinn_simple_flora_water_a, layout_basic
D:2:      layout_basic, basic_altar, serial_rivers,
          chequers_serial_rivers_micro_c, chequers_serial_rivers_micro_c,
          chequers_serial_rivers_large_a, chequers_serial_rivers_small_3,
          minmay_misc_feat_columns
D:3:      layout_basic, interstate_on_off
D:4:      layout_rooms, mainiacjoe_overflow_small_starburst,
          chequers_temple_overflow_minitemple, kennysheep_path_1,
          hangedman_abyss_or_decor_passed, uniq_ijyb

Skill      XL: |  1  2  3  4  5 |
---------------+----------------+-----
Dodging        | 2 |  2.1
Stealth        | 3 |  3.0
Spellcasting   | 3 4 |  4.4
Conjurations   | 5 |  5.6

Action                   |  1- 3 |  4- 6 || total
-------------------------+-------+-------++-------
Melee: Whip              |     7 |     6 ||    13
 Cast: Magic Dart        |    86 |    19 ||   105
       Searing Ray       |     1 |    11 ||    12
Armor: Robe              |    12 |     6 ||    18
Dodge: Dodged            |    17 |    15 ||    32
